 Dungeon Crawl Stone Soup version 0.24.0-123-gd5b16e6ec5 (webtiles) character file.

Game seed: 8590687970223711132, levelgen mode: deterministic

46 FishyPogo the Stinger (level 3, -2/27 HPs)
             Began as a Demonspawn Venom Mage on Jan 5, 2020.
             Killed from afar by a dart slug (4 damage)
             ... with a slug dart
             ... on level 3 of the Dungeon.
             The game lasted 00:04:55 (1487 turns).

FishyPogo the Stinger (Demonspawn Venom Mage)       Turns: 1487, Time: 00:05:02

Health: -2/27      AC:  2    Str:  9    XL:     3   Next: 46%
Magic:  6/6        EV: 12    Int: 21    God:
Gold:   83         SH:  0    Dex: 13    Spells: 0/6 levels left

rFire    . . .     SeeInvis .     - Unarmed
rCold    . . .     Gourm    .   (no shield)
rNeg     . . .     Faith    .   a - +0 robe
rPois    .         Spirit   .   (no helmet)
rElec    .         Reflect  .   (no cloak)
rCorr    .         Harm     .   (no gloves)
MR       .....                  (no boots)
Stlth    +.........             (no amulet)
HPRegen  0.09/turn              (no ring)
MPRegen  0.10/turn              (no ring)

@: confused, brilliant, very slightly contaminated, hasted, very quick
A: claws 2
a: no special abilities


You were on level 3 of the Dungeon.
You were very hungry.

You visited 1 branch of the dungeon, and saw 3 of its levels.

You collected 83 gold pieces.

Inventory:

Hand Weapons
 n - a cursed -2 dagger
Missiles
 d - 35 stones (quivered)
Armour
 a - a +0 robe (worn)
 l - a +2 pair of gloves
Scrolls
 e - 4 scrolls of teleportation {unknown}
 f - a scroll of blinking {unknown}
 j - a scroll of remove curse {unknown}
 k - a scroll of enchant weapon {unknown}
 m - a scroll of immolation {unknown}
 o - a scroll of random uselessness {unknown}
 q - a scroll of fog {unknown}
Potions
 g - a potion of heal wounds
 p - 2 potions of curing
Comestibles
 c - 3 rations


   Skills:
 + Level 1.7 Fighting
 - Level 2.0 Dodging
 + Level 2.6 Stealth
 + Level 1.0 Unarmed Combat
 - Level 2.0 Spellcasting
 - Level 1.0 Conjurations
 - Level 3.0 Poison Magic


You couldn't memorise any spells.
You knew the following spells:

 Your Spells              Type           Power        Failure   Level  Hunger
a - Sting                 Conj/Pois      ###.         1%          1    #......
b - Poisonous Vapours     Pois/Air       ###...       1%          2    ##.....
c - Mephitic Cloud        Conj/Pois/Air  ###.....     3%          3    ###....

Your spell library contained the following spells:

 Spells                   Type           Power        Failure   Level  Hunger
 Olgreb's Toxic Radiance  Pois           ####....     4%          4    #####..
 Venom Bolt               Conj/Pois      ###.......   19%         5    ######.


Dungeon Overview and Level Annotations

Branches:
Dungeon (3/15)

Altars:
Qazlal

Annotations:
D:3 Sigmund


Innate Abilities, Weirdness & Mutations

You have very sharp fingernails.


Message History

You barely miss something. The dart slug launches a dart at you.
The slug dart misses you.
You scratch the dart slug.
The dart slug is almost dead.
You hear some strange, mumbled words.
You are more confused.
You hear some strange, mumbled words.
You are more confused.
You closely miss something.
You feel less invigorated. Something hits you!
The dart slug launches a dart at you. The slug dart misses you.
You hear some strange, mumbled words.
A magic dart appears from out of thin air!
The magic dart hits you!
* * * LOW HITPOINT WARNING * * *
The dart slug launches a dart at you. The slug dart hits you.
You die...

...........# #..#
.......##### ##.#
######## #.# #.#
.. ########.# ...
#$.......#....
#...w..†.......
#..${..........
+....@.........
#........#.....
....#+######.....
###. ..[.. # ....


You could see a dart slug.

Vanquished Creatures
  An adder (D:2)
  An ooze (D:2)
  A dart slug (D:2)
  2 leopard geckos
  5 bats
  A giant cockroach (D:2)
  3 goblins
  4 hobgoblins
  A quokka (D:3)
  A frilled lizard (D:1)
  4 kobolds
  7 rats
31 creatures vanquished.

Notes
Turn   | Place    | Note
-------+----------+-------------------------------------------
     0 | D:1      | FishyPogo the Demonspawn Venom Mage began the quest for the
                  | Orb.
     0 | D:1      | Reached XP level 1. HP: 13/13 MP: 3/3
   226 | D:1      | Gained mutation: You have sharp fingernails. [demonic
                  | ancestry]
   226 | D:1      | Reached XP level 2. HP: 20/20 MP: 1/5
   282 | D:1      | Reached skill level 1 in Fighting
   362 | D:1      | Learned a level 2 spell: Poisonous Vapours
   862 | D:2      | Gained mutation: You have very sharp fingernails. [demonic
                  | ancestry]
   862 | D:2      | Reached XP level 3. HP: 17/26 MP: 1/6
  1052 | D:2      | Reached skill level 1 in Unarmed Combat
  1202 | D:3      | Found a stormy altar of Qazlal.
  1442 | D:3      | Noticed Sigmund
  1448 | D:3      | Learned a level 3 spell: Mephitic Cloud
  1487 | D:3      | Killed from afar by a dart slug

Levels and vault maps discovered:
D:1:      dpeg_arrival_simpleton_a, layout_basic
D:2:      layout_rooms, minmay_misc_feat_doors
D:3:      layout_basic, overflow_temple_1_default, grunt_qazlal_clouds,
          first_ration, uniq_sigmund

Skill      XL: |  1  2  3 |
---------------+----------+-----
Stealth        | 2 |  2.6
Dodging        | 2 |  2.0
Fighting       | 1 |  1.7
Unarmed Combat | 1 |  1.0
Spellcasting   | |  2.0
Conjurations   | |  1.0
Poison Magic   | |  3.0

Action                   || total
-------------------------++-------
Melee: Unarmed           ||    53
 Cast: Sting             ||    42
       Poisonous Vapours ||     6
       Mephitic Cloud    ||     1
  Use: Potion            ||     5
 Stab: Sleeping          ||     1
  Eat: Chunk             ||     2
Armor: Robe              ||    10
Dodge: Dodged            ||    42
